 Dungeon Crawl Stone Soup version 0.24-a0-520-g8fd06ad0bc (webtiles) character file.

Game seed: 127235638630884438

20 Bapho the Skirmisher (level 2, -4/26 HPs)
             Began as a Draconian Berserker on July 23, 2019.
             Was a Follower of Trog.
             Slain by a killer bee (5 damage)
             ... on level 1 of the Dungeon.
             The game lasted 00:01:14 (914 turns).

Bapho the Skirmisher (Draconian Berserker)           Turns: 914, Time: 00:01:14

Health: -4/26      AC:  4    Str: 19    XL:     2   Next: 58%
Magic:  2/2        EV: 12    Int:  7    God:    Trog [*.....]
Gold:   67         SH:  0    Dex: 10    Spells: 1/1 levels left

rFire    + . .     SeeInvis .   a - +0 falchion
rCold    + . .     Gourm    .   (no shield)
rNeg     . . .     Faith    .   (armour unavailable)
rPois    +         Spirit   .   (helmet restricted)
rElec    +         Reflect  .   (no cloak)
rCorr    +         Harm     .   (no gloves)
MR       .....                  (no boots)
Stlth    +.........             (no amulet)
HPRegen  0.08/turn              (no ring)
MPRegen  0.08/turn              (no ring)

@: lethally poisoned (-4 -> -11), resistant
A: unfitting armour, cold-blooded, AC +4
a: Berserk, Renounce Religion


You were on level 1 of the Dungeon.
You worshipped Trog.
Trog was aware of your devotion.
You were not hungry.

You visited 1 branch of the dungeon, and saw 2 of its levels.

You collected 67 gold pieces.

Inventory:

Hand Weapons
 a - a +0 falchion (weapon)
Missiles
 c - 3 boomerangs (quivered)
 e - 15 stones
Scrolls
 d - 3 scrolls of identify {unknown}
Potions
 g - a potion of invisibility {unknown}
 h - a potion of resistance
Comestibles
 b - 4 rations
 f - 2 chunks of flesh


   Skills:
 + Level 3.5 Fighting
 * Level 3.5 Long Blades
 + Level 2.9 Dodging


You had one spell level left.
You didn't know any spells.
Your spell library was empty.

Dungeon Overview and Level Annotations

Branches:
Dungeon (2/15)

Altars:


Innate Abilities, Weirdness & Mutations

Your plain brown scales are hard. (AC +4)
You cannot fit into any form of body armour.
You are cold-blooded and may be slowed by cold attacks.


Message History

The killer bee stings you.
You are poisoned.
The killer bee poisons you! The killer bee misses you.
You miss the killer bee.
The killer bee is severely wounded.
You feel sick. The killer bee completely misses you.
You riposte.
You hit the killer bee.
Your tail-slap misses the killer bee.
The killer bee is almost dead.
The killer bee stings you.
You barely miss the killer bee.
The killer bee is almost dead.
You feel sick. The killer bee stings you!
* * * LOW HITPOINT WARNING * * *
The killer bee closely misses you.
You riposte.
You closely miss the killer bee.
The killer bee is almost dead.
It was a potion of resistance.
You feel protected. The killer bee stings you.
You die...

#####.# #.#......## #.# #.#
#.#####.## #.#### #.# #.# #.#
##..... #.#####.# #.# #...###
#.......# ##+## #.#...#
####.#### ##...## #...#.#
##.# ##.....## ##.##.# ##..#
##..[....## ##.....
##...####..@......####...#.#
##.......+.y.......'.........
#.....####.........####...#.#
##...## ##.......## ##.##.#
##.## ##.....## ####.# #.#
##...## #.# #.# ##)## #.# #.#
###.###### #.# #.# #........#
#.#


You could see a killer bee.

Vanquished Creatures
  A dart slug (D:1)
  A leopard gecko (D:2)
  3 bats (D:1)
  2 giant cockroaches (D:2)
  A hobgoblin (D:1)
  A ball python (D:2)
  5 goblins
  2 rats
16 creatures vanquished.

Notes
Turn   | Place    | Note
-------+----------+-------------------------------------------
     0 | D:1      | Bapho the Draconian Berserker began the quest for the Orb.
     0 | D:1      | Reached XP level 1. HP: 19/19 MP: 1/1
   344 | D:1      | Reached XP level 2. HP: 22/26 MP: 2/2
   899 | D:2      | Noticed a killer bee
   901 | D:2      | Noticed a killer bee
   901 | D:2      | Noticed a killer bee
   913 | D:1      | HP: 1/26 [killer bee (8)]
   914 | D:1      | Slain by a killer bee

Levels and vault maps discovered:
D:1:      minmay_arrival_split_and_join, layout_loops_corners
D:2:      layout_rooms

Action                   || total
-------------------------++-------
Melee: Falchion          ||    26
       Tailslap          ||     3
Throw: Boomerang         ||    22
  Use: Potion            ||     1
Armor: Skin              ||     8
Dodge: Dodged            ||    29
       Rpst.: Falchion   ||    11

Table legend:
 A = Non-vault XP
 B = Vault XP
 C = Vault XP percentage of total XP
 D = Non-vault monster count
 E = Vault monster count
 F = Vault count percentage of total count
                 A         B        C        D         E       F
            +---------+---------+-------+---------+---------+-------
      Total |      29 |       0 |   0.0 |      16 |       0 |   0.0
            +---------+---------+-------+---------+---------+-------
        D:1 |      19 |       0 |   0.0 |      10 |       0 |   0.0
        D:2 |      10 |       0 |   0.0 |       6 |       0 |   0.0
            +---------+---------+-------+---------+---------+-------
